 Dungeon Crawl Stone Soup version 0.24.0-123-gd5b16e6ec5 (webtiles) character file.

Game seed: 9934816860035911315, levelgen mode: deterministic

2396 AuftragZ the Skirmisher (level 9, -6/75 HPs)
             Began as a Grey Draconian Skald on Jan 30, 2020.
             Was a Believer of Okawaru.
             Splashed by an oklob plant's acid (9 damage)
             ... on level 6 of the Dungeon on Jan 31, 2020.
             The game lasted 00:32:34 (10666 turns).

AuftragZ the Skirmisher (Grey Draconian Skald)     Turns: 10666, Time: 00:32:34

Health: -6/75      AC:  6    Str: 17      XL:     9   Next: 22%
Magic:  12/13      EV: 14    Int: 13 (16) God:    Okawaru [**....]
Gold:   414        SH:  0    Dex: 11      Spells: 9/14 levels left

rFire    . . .     SeeInvis .   j - +4 dagger (venom)
rCold    . . .     Gourm    .   (no shield)
rNeg     . . .     Faith    .   (armour unavailable)
rPois    .         Spirit   .   (helmet restricted)
rElec    .         Reflect  .   i - +1 cloak
rCorr    .         Harm     .   (no gloves)
MR       .....                  (no boots)
Stlth    ++........             (no amulet)
HPRegen  0.22/turn              l - ring of wizardry
MPRegen  0.13/turn              b - +3 ring of intelligence

@: corroded
A: walk through water, unfitting armour, unbreathing, cold-blooded, AC +12
a: Heroism, Renounce Religion


You were on level 6 of the Dungeon.
You worshipped Okawaru.
Okawaru was pleased with you.
You were not hungry.

You visited 2 branches of the dungeon, and saw 7 of its levels.

You collected 414 gold pieces.

Inventory:

Hand Weapons
 d - a +3 quarterstaff of chaos
 j - a +4 dagger of venom (weapon)
 n - a +3 arbalest
Missiles
 p - 70 arrows
 q - 26 bolts
 r - 9 poisoned darts (quivered)
Armour
 i - a +1 cloak (worn)
Jewellery
 b - a +3 ring of intelligence (right hand)
 l - a ring of wizardry (left hand)
 m - an uncursed ring of protection from cold
Scrolls
 f - 3 scrolls of remove curse
 g - 4 scrolls of teleportation
 s - 3 scrolls of identify
 u - a scroll of blinking
Potions
 a - a potion of curing
 e - a potion of agility
 h - 2 potions of cancellation
 k - 2 potions of berserk rage
 o - 2 potions of invisibility
 t - a potion of resistance
 v - a potion of ambrosia {unknown}
Comestibles
 c - 4 rations


   Skills:
 + Level 6.1 Fighting
 + Level 5.3 Short Blades
   Level 2.7 Axes
 + Level 1.0 Staves
 + Level 4.6 Crossbows
 + Level 1.5 Throwing
 + Level 5.0 Dodging
 + Level 2.5 Stealth
 + Level 3.1 Spellcasting
 + Level 4.1 Charms
 + Level 1.1 Translocations


You had 9 spell levels left.
You knew the following spells:

 Your Spells              Type           Power        Failure   Level  Hunger
a - Infusion              Chrm           ##..         1%          1    #......
b - Song of Slaying       Chrm           ##......     2%          2    ##.....
c - Shroud of Golubria    Chrm/Tloc      #.....       4%          2    ##.....

Your spell library contained the following spells:

 Spells                   Type           Power        Failure   Level  Hunger
 Beastly Appendage        Tmut           #.....       9%          1    #......
 Confusing Touch          Hex            #.....       9%          1    #......
 Flame Tongue             Conj/Fire      #....        9%          1    #......
 Magic Dart               Conj           #...         9%          1    #......
 Regeneration             Chrm/Necr      #.........   12%         3    ###....
 Spectral Weapon          Hex/Chrm       #.......     12%         3    ###....
 Searing Ray              Conj           #.....       14%         2    ##.....
 Sticks to Snakes         Tmut           #.......     14%         2    ##.....
 Throw Flame              Conj/Fire      #.....       14%         2    ##.....
 Gell's Gravitas          Tloc           #.........   17%         3    ###....
 Confuse                  Hex            #.......     26%         3    ###....
 Conjure Flame            Conj/Fire      #.......     26%         3    ###....
 Dazzling Spray           Conj/Hex       #.....       26%         3    ###....
 Inner Flame              Hex/Fire       #.......     26%         3    ###....
 Spider Form              Tmut/Pois      #.........   26%         3    ###....
 Force Lance              Conj/Tloc      #.......     54%         4    #####..
 Fulminant Prism          Conj/Hex       #.........   63%         4    #####..
 Ice Form                 Ice/Tmut       #.......     63%         4    #####..
 Iskenderun's Mystic Bla  Conj           #.......     63%         4    #####..
 Petrify                  Tmut/Erth      #.......     63%         4    #####..
 Sticky Flame             Conj/Fire      #.......     63%         4    #####..
 Blade Hands              Tmut           #.........   91%         5    ######.
 Fireball                 Conj/Fire      #.........   91%         5    ######.
 Metabolic Englaciation   Hex/Ice        #.........   91%         5    ######.
 Yara's Violent Unravell  Hex/Tmut       #.........   91%         5    ######.


Dungeon Overview and Level Annotations

Branches:
Dungeon (6/15)             Temple (1/1) D:5

Altars:
Cheibriados
Dithmenos
Elyvilon
Fedhas
Gozag
Hepliaklqana
Kikubaaqudgha
Makhleb
Nemelex Xobeh
Okawaru
Qazlal
Sif Muna
Trog
Uskayaw
Vehumet
Xom
Yredelemnul
Zin
The Shining One

Annotations:
D:6 exclusion: oklob plant


Innate Abilities, Weirdness & Mutations

You can walk through water.
Your dull iron-grey scales are very hard. (AC +12)
You cannot fit into any form of body armour.
You can survive without breathing.
You are cold-blooded and may be slowed by cold attacks.


Message History

The jelly barely misses you. The ooze closely misses you. The ooze hits you.
You hit the jelly.
Your hands burn!
You tail-slap the jelly, but do no damage.
The jelly is almost dead.
The jelly hits you but does no damage. The ooze hits you but does no damage.
The ooze closely misses you.
You hit the jelly.
You kill the jelly!
Okawaru accepts your kill. The ooze barely misses you.
The oklob plant spits acid at you. The splash of acid hits you.
The acid corrodes you!
You are splashed with acid!
* * * LOW HITPOINT WARNING * * *
The ooze closely misses you. The ooze barely misses you. x2
The oklob plant spits acid at you. The splash of acid hits you!
* * * LOW HITPOINT WARNING * * *
The acid corrodes you!
You are splashed with acid!
You die...

_......##.#.#..........#.#
#.
...)...........))###..##.#
#.
..............).).....##[#
#.
........########)####.##.#
#. ........# #.........#
## ###.###.# ####
###.......# ###.#
#.###...####.#..##.# ....#
#.#......J##.#.###.# ###
##### #.#.$.P...@†.#.# #.#
##.## # ###...)..J####.#
#.# #.... ###P.P### #.#
#.# ##.## #### #.# #.# #.#
### ########## #.#
#.#####.# ..#
.........#####.# #.##..>.#
..##. ###............#
#.##.#### .....#
#.####.####(.# #.##.#
.##### # #.# #..# #.##.#


You could see an oklob plant and 2 oozes.

Vanquished Creatures
  A black bear (D:6)
  An ice beast (D:6)
  2 ogres
  3 sky beasts
  2 centaurs (D:5)
  2 bullfrogs
  3 scorpions
  A water moccasin skeleton (D:4)
  6 electric eels (D:5)
  A bullfrog zombie (D:6)
  3 howler monkeys
  2 crimson imps (D:5)
  3 hounds
  3 jellies (D:6)
  2 orc priests
  7 orc wizards
  Crazy Yiuf (D:2)
  An iguana (D:5)
  Ijyb (D:3)
  3 worker ants
  9 adders
  2 shadow imps
  15 oozes (D:6)
  6 worms
  3 dart slugs
  3 leopard geckos
  14 orcs
  A ball python (D:4)
  3 bats
  6 giant cockroaches
  4 goblins
  4 hobgoblins
  5 kobolds
  3 quokkas
  5 frilled lizards
  A leopard gecko skeleton (D:5)
  A quokka skeleton (D:5)
  6 rats
  A plant (D:5)
140 creatures vanquished.

Vanquished Creatures (others)
  5 fungi (D:6)
  2 plants (D:5)
7 creatures vanquished.

Grand Total: 147 creatures vanquished

Notes
Turn   | Place    | Note
-------+----------+-------------------------------------------
     0 | D:1      | AuftragZ the Draconian Skald began the quest for the Orb.
     0 | D:1      | Reached XP level 1. HP: 17/17 MP: 3/3
   477 | D:1      | Reached XP level 2. HP: 25/25 MP: 5/5
   920 | D:1      | Learned a level 2 spell: Song of Slaying
   923 | D:1      | Learned a level 2 spell: Shroud of Golubria
  1453 | D:2      | Reached XP level 3. HP: 30/30 MP: 6/6
  1670 | D:2      | Found a glowing silver altar of Zin.
  2202 | D:2      | Found a runed translucent door.
  2203 | D:2      | Noticed Crazy Yiuf
  2241 | D:2      | Killed Crazy Yiuf
  2241 | D:2      | Reached XP level 4. HP: 35/37 MP: 1/7
  2861 | D:3      | Found a snail-covered altar of Cheibriados.
  3909 | D:3      | Noticed Ijyb
  3970 | D:3      | Killed Ijyb
  3970 | D:3      | Reached skill level 3 in Fighting
  3970 | D:3      | Reached XP level 5. HP: 45/45 MP: 3/8
  4107 | D:3      | Found a shadowy altar of Dithmenos.
  4107 | D:3      | Found a shimmering blue altar of Sif Muna.
  4233 | D:4      | Reached skill level 1 in Short Blades
  4439 | D:4      | Reached skill level 1 in Staves
  4439 | D:4      | Reached XP level 6. HP: 27/51 MP: 10/10
  4856 | D:4      | Found a glowing golden altar of the Shining One.
  5366 | D:5      | Entered Level 5 of the Dungeon
  5397 | D:5      | Reached skill level 1 in Stealth
  5431 | D:5      | Noticed a sky beast
  5441 | D:5      | Killed a sky beast
  5441 | D:5      | Reached skill level 4 in Fighting
  5725 | D:5      | Your scales start taking on a dull iron-grey colour.
  5725 | D:5      | Reached XP level 7. HP: 54/59 MP: 11/11
  5725 | D:5      | Gained mutation: You can survive without breathing. [Grey
                  | Draconian growth]
  6451 | D:5      | Reached skill level 1 in Translocations
  6453 | D:5      | Reached XP level 8. HP: 67/67 MP: 12/12
  6567 | D:5      | Found a staircase to the Ecumenical Temple.
  6598 | Temple   | Entered the Ecumenical Temple
  6914 | Temple   | Became a worshipper of Warmaster Okawaru
  7256 | D:5      | Reached skill level 1 in Crossbows
  7668 | D:5      | Reached skill level 5 in Fighting
  8357 | D:5      | HP: 1/68 [electric eel/bolt of electricity (9)]
  9706 | D:5      | Found a shimmering altar of Xom.
  9854 | D:6      | Reached * piety under Okawaru
  9854 | D:6      | Reached skill level 1 in Throwing
 10143 | D:6      | Reached XP level 9. HP: 62/75 MP: 9/13
 10165 | D:6      | Reached ** piety under Okawaru
 10165 | D:6      | Reached skill level 6 in Fighting
 10283 | D:6      | Found a snail-covered altar of Cheibriados.
 10363 | D:6      | Reached skill level 5 in Dodging
 10607 | D:6      | Noticed an oklob plant
 10636 | D:6      | Reached skill level 5 in Short Blades
 10666 | D:6      | HP: 3/75 [oklob plant/splash of acid (12)]
 10666 | D:6      | Splashed by an oklob plant's acid

Levels and vault maps discovered:
D:1:      lightli_arrival_lavapool, layout_loops_ring, minmay_tree_intersection
D:2:      layout_loops_ring, nicolae_overflow_hidden_temple, serial_glass,
          glass_columns_b, glass_columns_a, uniq_crazy_yiuf_cottage
D:3:      layout_loops_corners, lemuel_coloured_pillars_altar,
          gammafunk_temple_overflow_wave, first_ration, uniq_ijyb
D:4:      layout_loops_cross, lemuel_doored_altar, minmay_misc_feat_hallway
D:5:      cheibrodos_two_vegetables, layout_basic, temple_fountains, tgw_xom
D:6:      lemuel_slime, layout_loops_ring, cheibriados_altar_1
Temple:   dpeg_chambers_temple

Skill      XL: |  1  2  3  4  5  6  7  8  9 |
---------------+----------------------------+-----
Charms         | 3 4 |  4.1
Fighting       | 3 4 5 6 |  6.1
Short Blades   | 2 3 4 5 |  5.3
Dodging        | 3 4 5 |  5.0
Staves         | 1 |  1.0
Stealth        | 1 2 |  2.5
Spellcasting   | 3 |  3.1
Translocations | 1 |  1.1
Crossbows      | 4 |  4.6
Throwing       | 1 |  1.5
Axes           | |  2.7

Action                   |  1- 3 |  4- 6 |  7- 9 || total
-------------------------+-------+-------+-------++-------
Melee: Hand axe          |    71 |       |       ||    71
       Tailslap          |     4 |    20 |    30 ||    54
       Dagger            |       |   146 |   210 ||   356
       Quarterstaff      |       |    16 |       ||    16
       Arbalest          |       |       |     1 ||     1
 Fire: Arbalest          |       |       |    87 ||    87
Throw: Dart              |       |       |    18 ||    18
 Cast: Infusion          |     1 |     2 |     1 ||     4
       Shroud of Golubri |     1 |     2 |     4 ||     7
       Song of Slaying   |     1 |       |     2 ||     3
  Use: Scroll            |     9 |     6 |     4 ||    19
       Potion            |     1 |     4 |     5 ||    10
 Stab: Sleeping          |       |     1 |       ||     1
  Eat: Chunk             |     2 |     3 |     7 ||    12
       Ration            |     1 |     2 |     3 ||     6
Armor: Skin              |    15 |    37 |   111 ||   163
Dodge: Dodged            |    47 |    73 |   217 ||   337
